 Dungeon Crawl Stone Soup version bcrawl-1.37.2 (webtiles) character file.

Game seed: 1677067858017492886

106901 Mehrunes the Sneak (level 3, 0/32 HPs)
             Began as a Naga Sloth Apostle on Oct 27, 2022.
             Was a Follower of Cheibriados.
             Succumbed to an adder's poison
             ... on level 2 of the Dungeon.
             The game lasted 00:02:59 (1285 turns).

Mehrunes the Sneak (Naga Sloth Apostle)             Turns: 1285, Time: 00:03:00

Health: 0/32       AC:  4    Str: 16    XL:     3   Next: 39%
Magic:  2/4        EV:  5    Int: 15    God:    Cheibriados [*.....]
Gold:   41         SH:  8    Dex: 12    Spells: 3/4 levels left

rFire    . . .     GDR:     24% a - +0 falchion
rCold    . . .     SeeInvis +   c - +0 medium shield
rNeg     . . .     Gourm    .   g - +0 ring mail
rPois    +         Faith    .   h - +0 helmet
rElec    .         Spirit   .   (no cloak)
rCorr    .         Reflect  .   (no gloves)
MR       .....     Clarity  +   (no barding)
Stlth    ++........             (no amulet)
HPRegen  0.15/turn              (no ring)
MPRegen  0.09/turn              (no ring)

@: lethally poisoned (0 -> -6), very slow
A: large, tail, swims, see invisible, deformed body, poison resistance, slowness
2, slow metabolism 1, spit poison 1, AC +1
a: Spit Poison, Bend Time, Renounce Religion


You were on level 2 of the Dungeon.
You worshipped Cheibriados.
Cheibriados was aware of your devotion.
You were hungry.

You visited 1 branch of the dungeon, and saw 2 of its levels.

You collected 41 gold pieces.

Inventory:

Hand Weapons
 a - a +0 falchion (weapon)
Armour
 b - a +0 robe
 c - a +0 medium shield (worn)
 g - a +0 ring mail (worn)
 h - a +0 helmet (worn)
 n - a +0 plate armour
Wands
 d - a wand of paralysis (10)
Scrolls
 f - a scroll of blinking {unknown}
 i - a scroll of identify
 k - a scroll of remove curse {unknown}
 l - a scroll of amnesia {unknown}
 m - a scroll of enchant weapon {unknown}
 o - a scroll of teleportation {unknown}
Comestibles
 e - a ration {!d}
 j - a chunk of flesh


   Skills:
 - Level 2.0 Fighting
 + Level 2.6 Long Blades
 * Level 6.4 Stealth
 - Level 1.5 Shields
 - Level 1.0 Spellcasting
 - Level 2.0 Hexes
 - Level 1.0 Evocations


You had 3 spell levels left.
You knew the following spells:

 Your Spells              Type           Power        Failure   Level  Hunger
a - Slow                  Hex            #.......     83%         1    None
Your spell library was empty.

Dungeon Overview and Level Annotations

Branches:
Dungeon (2/12)

Altars:


Innate Abilities, Weirdness & Mutations

You cannot wear boots.
You can swim through water.
Your serpentine skin is tough. (AC +1)
You have supernaturally acute eyesight. (SInv)
Armour fits poorly on your strangely shaped body.
Your system is resistant to poisons. (rPois)
You cover ground very slowly.
You have a slow metabolism.
You can spit poison.


Message History

The hobgoblin hits you with a +0 club. The adder bites you.
You block the goblin's attack.
You feel sick. The adder bites you but does no damage.
The hobgoblin hits you but does no damage.
The adder barely misses you. The hobgoblin hits you with a +0 club.
* * * LOW HITPOINT WARNING * * *
The goblin hits you but does no damage. The adder bites you.
* * * LOW HITPOINT WARNING * * *
The adder bites you.
* * * LOW HITPOINT WARNING * * *
You aren't carrying any potions.
You aren't carrying any potions.
You aren't carrying any potions.
Okay, then.
* * * LOW HITPOINT WARNING * * *
You feel sick. The adder bites you.
* * * LOW HITPOINT WARNING * * *
You are more poisoned.
The adder poisons you! You block the adder's attack.
You die...

#.#.#
#w#.##
#....#
##.#.#.#
##..#.##.##
#g#.g.....#
##S##.##.##
##.#.#..#
#@....#
#.##.## #.#
## #.# #.#
#.. ###


There were no monsters in sight!

Vanquished Creatures
  An ooze (D:1)
  A worm (D:2)
  A leopard gecko (D:1)
  A ball python (D:1)
  4 giant cockroaches
  4 goblins (D:1)
  4 hobgoblins (D:1)
  A kobold (D:1)
  4 bats (D:1)
  A frilled lizard (D:1)
  3 rats (D:1)
25 creatures vanquished.

Notes
Turn   | Place    | Note
-------+----------+-------------------------------------------
     0 | D:1      | Mehrunes the Naga Sloth Apostle began the quest for the
                  | Orb.
     0 | D:1      | Reached XP level 1. HP: 19/19 MP: 2/2
    60 | D:1      | Reached skill level 5 in Stealth
   103 | D:1      | Reached XP level 2. HP: 26/26 MP: 3/3
   705 | D:1      | Reached skill level 6 in Stealth
   746 | D:1      | Reached XP level 3. HP: 32/32 MP: 4/4
   821 | D:1      | Reached * piety under Cheibriados
  1284 | D:2      | HP: 1/32 [adder (1)]
  1285 | D:2      | Succumbed to an adder's poison

Skill      XL: |  1  2 |
---------------+-------+-----
Stealth        | 5 6 |  6.4
Fighting       | |  2.0
Long Blades    | |  2.6
Shields        | |  1.5
Spellcasting   | |  1.0
Hexes          | |  2.0
Evocations     | |  1.0

Action                   || total
-------------------------++-------
Melee: Falchion          ||    39
Invok: Bend Time         ||     1
 Abil: Spit Poison       ||    20
  Eat: Chunk             ||     2
Armor: Ring mail         ||    24
Dodge: Dodged            ||    16
Block: Medium shield     ||    20
